cohdb
Replays
Latest Replays
All Replays
Popular Replays
Top Player Replays
Match Explorer
How It Works
Community
CoH3 Stats
Reddit
Sign in to upload your games and track your stats! →
Sign in with Steam
Match 40403548
Unlisted
Match 40403548
Overview
Messages
Build Orders
End
Kradschützen Motorcycle Team
Selects Armored Support Battlegroup
Panzergrenadier Squad
250 Light Carrier
Construct Light Support Kompanie
Assault Grenadier Squad
Selects Veteran Gunners
Assault Grenadier Squad
2.5-tonne Medical Truck
Panzerjäger Squad
Assault Mechanized Group
Assault Grenadier Squad
Fire Support Elements
Selects Flammpanzer III Medium Tank
Flammpanzer III Medium Tank
Selects Salvage Kits
Pak 38 Mechanized Group
Selects Panzer Storm
Construct Panzerarmee Kommand
Armored Reserves
Assault Grenadier Squad
Assault Grenadier Squad
Pak 38 Anti-tank Gun Team
Tiger Heavy Tank
Panzer Storm
Selects Stuka Dive Bomb
Selects Stuka Dive Bomb
Stuka Dive Bomb
Assault Grenadier Squad
Selects Battlefield Salvage
Vizantum
Bootyquake
0
0
Comments
sign in to comment!
No comments posted yet!